Map: Eternal Empire LE

Players

Orocou - Winner!

  • Race: Protoss Protoss
  • Spawn Location: 7:00

VOD

Have the link to the VOD?

Description

A slow game where an Elite Terran loses to having 3rd denied with Chargelot run-bys while Protoss builds Carriers.

Time

  • Played on: Jan. 9, 2020, 12:04 a.m.
  • Length: 32:01
Show
View Real Time Build Order
Export as new Build Order

Orocou Protoss - Winner!

Build Orders:  

Get SALT Encoding   

  12  0:05  Probe (Chrono Boost)  
  13  0:23  Pylon  
  13  0:29  Probe (Chrono Boost)  
  14  0:46  Probe (Chrono Boost)  
  15  0:54  Gateway  
  15  1:03  Probe (Chrono Boost)  
  16  1:24  Probe (Chrono Boost)  
  17  1:45  Pylon  
  17  2:13  Zealot  
  19  2:28  Pylon  
  19  2:53  Nexus  
  19  2:59  Zealot (Chrono Boost)  
  21  3:02  Cybernetics Core  
  21  3:05  Gateway  
  21  3:10  Assimilator  
  21  3:28  Zealot (Chrono Boost)  
  23  3:46  Probe  
  24  4:49  Pylon  
  24  5:27  Zealot x2 (Chrono Boost)  
  24  5:28  Probe x2  
  28  5:55  Nexus, Gateway  
  28  5:56  Gateway  
  24  6:06  Zealot x2  
  28  6:17  Assimilator  
  28  6:29  Probe x2  
  30  6:37  Zealot (Chrono Boost)  
  30  6:39  Zealot (Chrono Boost)  
  30  6:44  Warp Gate (Chrono Boost)  
  34  7:06  Pylon  
  34  7:08  Zealot (Chrono Boost)  
  34  7:10  Zealot  
  34  7:16  Pylon  
  38  7:25  Probe x2  
  40  7:30  Pylon  
  40  7:48  Probe  
  40  7:49  Probe  
  42  7:51  Twilight Council  
  42  7:52  Probe  
  42  7:53  Forge  
  43  8:08  Sentry  
  43  8:09  Sentry  
  47  8:11  Zealot  
  49  8:21  Probe x3  
  52  8:37  Probe  
  53  8:40  Pylon  
  53  9:02  Probe x3  
  53  9:08  Zealot x2  
  60  9:23  Protoss Shields Level 1 (Chrono Boost)  
  60  9:26  Zealot x2  
  64  9:42  Probe  
  64  9:43  Probe  
  64  9:44  Probe  
  64  9:48  Assimilator  
  65  9:53  Assimilator  
  65  9:54  Charge  
  49  10:52  Zealot x3  
  49  10:53  Zealot  
  49  11:21  Gateway  
  49  11:23  Gateway  
  49  11:25  Gateway  
  49  11:26  Zealot x3, Gateway  
  49  11:27  Zealot  
  49  11:29  Robotics Facility  
  57  11:50  Stargate  
  57  12:01  Zealot x2  
  57  12:02  Zealot x2  
  65  12:12  Protoss Ground Weapons Level 1 (Chrono Boost)  
  63  13:08  Zealot x2  
  63  13:09  Zealot x6  
  75  13:20  Immortal  
  79  13:32  Oracle  
  74  13:41  Zealot x5  
  74  13:42  Zealot x3  
  90  14:23  Zealot  
  92  14:55  Probe  
  93  15:04  Nexus  
  93  15:05  Pylon  
  93  15:07  Assimilator  
  93  15:13  Assimilator  
  93  15:14  Pylon  
  93  15:22  Pylon  
  93  15:24  Pylon, Immortal (Chrono Boost)  
  93  15:25  Robotics Bay  
  93  15:32  Fleet Beacon  
  93  15:39  Zealot  
  99  15:40  Zealot x4  
  99  15:41  Zealot  
  109  16:14  Carrier  
  109  16:16  Zealot  
  109  16:17  Zealot x5  
  109  16:18  Zealot x2  
  125  16:33  Pylon  
  125  16:40  Pylon  
  125  16:44  Pylon  
  137  16:51  Probe  
  137  16:59  Colossus (Chrono Boost)  
  54  18:09  Carrier (Chrono Boost)  
  54  18:18  Zealot  
  54  18:19  Zealot x5  
  66  18:20  Zealot x2  
  73  18:57  Stargate  
  73  19:11  Zealot x5  
  73  19:12  Zealot x3  
  89  19:49  Carrier x2 (Chrono Boost)  
  89  20:06  Colossus  
  105  21:19  Carrier x2 (Chrono Boost)  
  117  22:45  Zealot x3  
  117  22:46  Zealot x4  
  117  22:47  Zealot  
  117  22:49  Carrier (Chrono Boost)  
  133  22:54  Assimilator  
  133  22:59  Assimilator  
  133  23:01  Protoss Shields Level 2  
  125  23:57  Zealot x2  
  125  23:58  Zealot x5  
  125  23:59  Zealot  
  125  24:03  Carrier (Chrono Boost)  
  125  24:19  Carrier (Chrono Boost)  
  131  24:35  Zealot  
  139  24:48  Pylon  
  139  24:50  Pylon  
  115  25:38  Zealot x2  
  115  25:39  Zealot x5  
  119  25:40  Zealot  
  115  26:30  Zealot x3  
  115  26:31  Zealot x4  
  115  26:32  Zealot  
  125  27:24  Carrier (Chrono Boost)  
  125  27:28  Zealot x2  
  125  27:29  Zealot x5  
  137  27:30  Zealot  
  99  29:51  Zealot x3  
  99  29:52  Zealot x4  
  99  29:53  Zealot  
  109  30:46  Zealot x5  
  109  30:47  Zealot x3  
Tags
 
Add a new tag
Caveats
  • Supply blocks, unpowered buildings, or Contaminate may cause inaccurate times.
  • Supply counts are checked every 10 seconds.